Electro, chaotic male human Rogue |.I -<. .(I Electro the Rogue Experience level: 5 Strength: 11 Dexterity: 17 Constitution: 16 Intelligence: 7 Wisdom: 9 Charisma: 14 Health: 0(35) Energy: 21(21) Def: 3 Gold: 148 Moves: 1552 Dungeon seed [set]: Game ID: Electro_1659534584 Your Inventory: Coins $ - 148 gold pieces Weapons a - an uncursed +3 short sword (weapon in hand) u - an uncursed +0 orcish dagger A - 14 uncursed +0 daggers (in quiver) B - a blessed +7 elven dagger named Dagger of Disaster L - an uncursed +0 dwarvish mattock Armor e - an uncursed +1 leather armor (being worn) n - a blessed +2 dwarvish cloak q - a blessed +1 dwarvish cloak r - an uncursed +0 pair of iron shoes y - a cursed -1 pair of iron shoes Potions c - an uncursed potion of sickness Rings t - an uncursed ring of warning (on left hand) Wands h - an uncursed wand of opening (0:3) i - an uncursed wand of light (0:10) Tools b - 4 uncursed wax candles (0:400) d - an uncursed lock pick f - an uncursed sack g - an uncursed blindfold M - an uncursed leash Gems z - 2 uncursed worthless pieces of green glass N - an uncursed worthless piece of yellow glass Y - an uncursed worthless piece of yellowish brown glass Spells and supernatural/magical abilities: Name Level Category Fail Memory W - pray for help -- divine ? -- Your skills at the end: Miscellaneous Skills wands [Basic] stealth [Expert] Weapon Skills dagger [Basic] short sword [Basic] Spellcasting Skills Final Attributes: You were devoutly aligned. Your writing hand was ok. You were warned. You were invisible. You were stealthy. You were unlucky. You are dead. Vanquished creatures: a gnome king a gnome lord a gnomish wizard a puppy 3 dwarves a gas spore a hobbit 7 gnomes a gnome zombie 3 jackals 2 kobolds 5 newts a goblin 2 sewer rats 2 grid bugs 2 lichens 34 creatures vanquished. Voluntary challenges: You did not cause conflict. You did not have reflection. You were not displaced. You did not donate to any temples.. You used a wielded weapon 24 times, starting on turn 160. You did not use containers. You did not apply a unicorn horn. You did not use plumbed fixtures. You read items or engraved 3 times, starting on turn 106. You never genocided any monsters. You never polymorphed an object. You never changed form. You used no wishes. You did not use any artifacts. You never split a pudding. You wrote Elbereth's name 1 time, starting on turn 106. You violated your moral code, losing 5 points of alignment, starting on turn 1317. Dungeon overview: The Dungeons of Doom: levels 1 to 2 Level 1 some fountains a long staircase Level 2 a fountain stairs to The Gnomish Mines The Gnomish Mines: levels 3 to 4 Level 3 stairs to The Dungeons of Doom Level 4 <- You were here History has recorded: On T:1 you entered the Dungeons of Doom to retrieve the Amulet of Yendor! On T:155 you reached level 2 of The Dungeons of Doom. On T:950 you reached level 1 of The Gnomish Mines. On T:961 you advanced to experience level 2. On T:1013 you advanced to experience level 3. On T:1158 you advanced to experience level 4. On T:1283 you advanced to experience level 5. On T:1435 you prayed to Kos. On T:1538 you reached level 2 of The Gnomish Mines. Score breakdown: Gold: 148 ( 14 points) Experience: 5 levels ( 400 points) Exploration: 4 levels ( 90 points) Discoveries: 13 items ( 650 points) Variety of kills: 16 monsters ( 800 points) Major goal: (nothing yet) ( 0 points) Survival: died (score multiplied by 3) Total score: 5862 Latest messages: You feel too weak from hunger to explore. You faint from lack of food. You come to. You faint from lack of food. You come to. You hear a distant squeak. You faint from lack of food. Your candle is consumed! You come to. You faint from lack of food. You come to. You hear a distant squeak. (2x) The dwarf wields a dagger! The dagger welds itself to the dwarf's hand! You stab the dwarf! You faint from lack of food. Something stabs you! (5x) Something bumps right into you! Something claws you! (2x) Something stabs you! Something claws you! (4x) Something stabs you! You die... The sack is empty. Final status: Goodbye Electro the Rogue, killed by a dwarf, while fainted from lack of food... You died in The Gnomish Mines on dungeon level 4 with 5862 points, and 148 pieces of gold, after 1552 moves. You were level 5 with a maximum of 35 hit points when you died.